[Event "Live Chess"]
[Site "Chess.com"]
[Date "2023.05.20"]
[Round "-"]
[White "Greenbecker"]
[Black "Enhard"]
[Result "0-1"]
[WhiteElo "1669"]
[BlackElo "1424"]
[TimeControl "300"]
[EndTime "10:07:48 PDT"]
[Termination "Enhard won on time"]

1. e4 e6 2. d4 d5 3. exd5 exd5 4. Bd3 Nf6 5. Nf3 Be7 6. O-O O-O 7.
Re1 Bg4 8. Bg5 Re8 9. h3 Bh5 10. Nc3 c6 11. Bxf6 Bxf6 12. Rxe8+ Qxe8 13. Be2 Nd7 14.
Qd2 h6 15. Re1 Qf8 16. Nh2 Bxe2 17. Nxe2 Re8 18. c3 Qe7 19. Nf3 Nb6 20. Ng3 Qd7 21.
Rxe8+ Qxe8 22. b3 Nd7 23. Kf1 Qe7 24. Ne2 Nb6 25. Qf4 Qd8 26. Ne5 Bxe5 27. Qxe5 Nc8 28. Nf4 f6 29. Qe6+ Kh7 30. Qf5+ Kg8 31. Ne6 Qe7 32.
Nxg7 Qxg7 33. Qxc8+ Kh7 34. Qf5+ Kg8 35. g3 a6 36. Qe6+ Kh7 37. g4 Kh8 38. Ke2 Kh7 39. f4 Qf8 40. Qd7+ Kg8 41. Qxb7 Qe8+ 42. Kf3 Qe4+ 43.
Kg3 Qe3+ 44. Kh4 Qxf4 45. Qc8+ Kg7 46. Qd7+ Kf8 47. Qf5 Qd6 48. Kh5 Qd8 49. Kxh6 Qe7 50. Qg6 Qe3+ 51. Kh7 Qxh3+ 52. Qh6+ Qxh6+ 53. Kxh6 Kf7 54. Kh5 Kg7 55. Kh4 Kg6 56. Kg3 Kg5 57. Kf3 f5 58. gxf5 Kxf5 59. c4 Ke6 60. Ke3 Kd6 0-1

[Event "Live Chess"]
[Site "Chess.com"]
[Date "2023.05.20"]
[Round "-"]
[White "GMHarry-youtube"]
[Black "BostonStrangler"]
[Result "0-1"]
[WhiteElo "2172"]
[BlackElo "2051"]
[TimeControl "300"]
[EndTime "10:07:48 PDT"]
[Termination "BostonStrangler won by resignation"]

1. e4 c5 2. Nf3 g6 3. c3 Nc6 4.
d4 cxd4 5. cxd4 d5 6. e5 Bg4 7.
Be2 e6 8. Ng1 Bxe2 9. Nxe2 Nge7 10. Bg5 Qb6 11. b3 Nf5 12. Nbc3 Ncxd4 13. Nxd4 Qxd4 14.
Qxd4 Nxd4 15. O-O-O Nc6 16. Nb5 Kd7 17. Kb1 a6 18.
Nd4 Bg7 19. f4 h6 20. Bh4 g5 21. Nxc6 bxc6 22. fxg5 hxg5 23. Bxg5 Bxe5 24. h4 f6 25. Bd2 Rag8 26. Rdg1 Bd4 27. Rd1 Rxg2 28. h5 Be5 29. h6 f5 30. Rdg1 Rxd2 31. h7 Rb2+ 32. Kc1 Rxa2 33. Rh6 Ra1+ 0-1

[Event "Live Chess"]
[Site "Chess.com"]
[Date "2023.05.20"]
[Round "-"]
[White "gmnorfolk"]
[Black "xx_blindpuffin_xx"]
[Result "0-1"]
[WhiteElo "2179"]
[BlackElo "2193"]
[TimeControl "300"]
[EndTime "10:07:50 PDT"]
[Termination "xx_blindpuffin_xx won by resignation"]

1. d4 d5 2. c4 e6 3. Nf3 c6 4.
Nbd2 Bd6 5. g3 f5 6. Bg2 Nf6 7. O-O O-O 8. Qc2 b6 9. b3 Nbd7 10. a4 Ne4 11. Ba3 c5 12. e3 Bb7 13. Rad1 Rc8 14.
dxc5 Ndxc5 15. Bb2 Qc7 16. cxd5 Bxd5 17. Nxe4 Bxe4 18.
Qc3 Bd5 19. Nd4 Ne4 20. Qxc7 Bxc7 21. Nb5 Bb8 22. Nd4 Be5 23. Rc1 Bxd4 24. Bxd4 Bxb3 25. a5 bxa5 26. Bxa7 a4 27. Bxe4 fxe4 28. Bc5 Rfd8 29. Ba3 Kf7 30. h3 Rxc1 31. Rxc1 Rd2 32. Ra1 Kg6 33. Kf1 Bc4+ 34. Kg1 Kf5 35. Bb4 Rb2 36. Bc3 Rb3 37. Bxg7 a3 38. Bf8 a2 39. Bg7 Rb1+ 40. Kh2 e5 0-1

[Event "Live Chess"]
[Site "Chess.com"]
[Date "2023.05.20"]
[Round "-"]
[White "onemoretime1975"]
[Black "PackedNote"]
[Result "1-0"]
[WhiteElo "1909"]
[BlackElo "784"]
[TimeControl "300"]
[EndTime "10:08:06 PDT"]
[Termination "onemoretime1975 won by resignation"]

1. e4 e5 2. Nf3 Nc6 3. Bc4 Nf6 4.
d3 d6 5. h3 Be7 6. O-O h6 7. a3 O-O 8. Nc3 a6 9. Nd5 b5 10.
Nxf6+ Bxf6 11. Bd5 Bd7 12. Nh2 Re8 13. Ng4 Rb8 14.
f4 Bxg4 15. hxg4 Qd7 16. g5 hxg5 17. fxg5 Be7 18. Bxf7+ Kf8 19. Be6+ 1-0

[Event "Live Chess"]
[Site "Chess.com"]
[Date "2023.05.20"]
[Round "-"]
[White "chrisbradgate"]
[Black "jennybobby44"]
[Result "0-1"]
[WhiteElo "840"]
[BlackElo "1853"]
[TimeControl "300"]
[EndTime "10:08:08 PDT"]
[Termination "jennybobby44 won by checkmate"]

1. d4 d5 2. Bf4 Nf6 3. e3 c5 4. c3 Nc6 5. Bb5 Bd7 6. Nd2 a6 7. Bxc6 Bxc6 8. Qc2 e6 9. O-O-O Nh5 10. Bg3 Nxg3 11.
hxg3 h6 12. Ngf3 Qa5 13. a3 O-O-O 14. Ne5 Be8 15. Ndf3 Kb8 16. Rhe1 Rg8 17. Nc6+ Bxc6 18. Ne5 Be8 19. b4 Qxa3+ 20. Kd2 cxb4 21. Ke2 Qxc3 22. Qxc3 bxc3 23. Rc1 f6 24. Ng4 Bb5+ 25. Kf3 Bb4 26. Rc2 h5 27. Nh2 g5 28. g4 f5 29. gxf5 exf5 30.
g3 a5 31. Rb1 Bd3 32. Rxb4 axb4 33. Ra2 b3 34. Ra3 b2 35. Rxc3 b1=Q 36. Rxd3 Qxd3 37. Kg2 f4 38. gxf4 gxf4+ 39. Kf3 fxe3 40. fxe3 Rdf8# 0-1

[Event "Live Chess"]
[Site "Chess.com"]
[Date "2023.05.20"]
[Round "-"]
[White "KuriyamaMiraiUA"]
[Black "LL220284LL"]
[Result "0-1"]
[WhiteElo "655"]
[BlackElo "2411"]
[TimeControl "300"]
[EndTime "10:08:15 PDT"]
[Termination "LL220284LL won by checkmate"]

1. d4 b6 2. c4 e6 3. Nc3 Nf6 4. e3 d5 5. Bd3 dxc4 6. Bxc4 Bb7 7. Nf3 Be7 8. O-O O-O 9. b4 Bxb4 10. Bb2 Nbd7 11.
Qb3 Be7 12. Nb5 a6 13. Nc3 b5 14. Bxb5 axb5 15. Qxb5 Ba6 16. Qb3 Rb8 17. Qc2 Bxf1 18. Rxf1 c5 19. dxc5 Nxc5 20. Ba3 Qa5 21. Bxc5 Qxc5 22.
Rd1 Rfc8 23. Rd3 Nd5 24. Qd2 Nxc3 25. Rxc3 Qxc3 26. Qxc3 Rxc3 27. Nd4 Rc1# 0-1

[Event "Live Chess"]
[Site "Chess.com"]
[Date "2023.05.20"]
[Round "-"]
[White "Nico14021974"]
[Black "Tema1107"]
[Result "0-1"]
[WhiteElo "458"]
[BlackElo "1983"]
[TimeControl "300"]
[EndTime "10:08:15 PDT"]
[Termination "Tema1107 won by checkmate"]

1. e4 c5 2. Na3 Nc6 3. Nf3 Nf6 4. d3 d5 5. exd5 Nxd5 6. c3 g6 7. c4 Nf6 8. Bd2 Bg7 9. Be2 O-O 10. O-O Bg4 11.
h3 Bxf3 12. gxf3 Nd4 13. Nc2 Nh5 14. Nxd4 Bxd4 15. Rc1 e5 16. Kh1 Qh4 17. Rg1 Qxh3# 0-1

[Event "Live Chess"]
[Site "Chess.com"]
[Date "2023.05.20"]
[Round "-"]
[White "KGreenGator"]
[Black "JackRudd"]
[Result "0-1"]
[WhiteElo "1768"]
[BlackElo "2400"]
[TimeControl "300"]
[EndTime "10:08:18 PDT"]
[Termination "JackRudd won by resignation"]

1. c4 Nf6 2. Nc3 g6 3. d4 Bg7 4. Nf3 O-O 5. e4 d6 6. Be2 e5 7. d5 Nbd7 8. h3 Nc5 9. O-O Nfxe4 10. Nxe4 Nxe4 11. Bd3 f5 12. Bxe4 fxe4 13. Nd2 Bf5 14. Re1 Qh4 15. Qe2 Rf7 16. Qe3 Raf8 17. Nf1 c6 18.
Ng3 cxd5 19. cxd5 Bxh3 20. gxh3 Rf3 21. Qxe4 Rxg3+ 22. fxg3 Qxg3+ 23. Kh1 Qxh3+ 24. Kg1 Qg3+ 25. Kh1 Rf2 0-1

[Event "Live Chess"]
[Site "Chess.com"]
[Date "2023.05.20"]
[Round "-"]
[White "siddu198"]
[Black "NatashaRegan"]
[Result "0-1"]
[WhiteElo "1610"]
[BlackElo "1856"]
[TimeControl "300"]
[EndTime "10:08:20 PDT"]
[Termination "NatashaRegan won by resignation"]

1. e4 Nf6 2. Nc3 e5 3. Nf3 Nc6 4. Bb5 Bc5 5. d3 d6 6. Bxc6+ bxc6 7. Be3 Bxe3 8. fxe3 Bg4 9. h3 Bh5 10. g4 Bg6 11. Qe2 O-O 12. h4 Nxg4 13. h5 Qf6 14. hxg6 fxg6 15. Rf1 Qe6 16. O-O-O Rab8 17. Ng5 Qd7 18.
Rxf8+ Rxf8 19. Rg1 h5 20. Nf3 d5 21. Nd2 d4 22.
exd4 Rf2 23. Qd1 Qxd4 24. Re1 Ne3 25. Ne2 Qa4 0-1

[Event "Live Chess"]
[Site "Chess.com"]
[Date "2023.05.20"]
[Round "-"]
[White "HoarseyHorsey"]
[Black "Balu13"]
[Result "1-0"]
[WhiteElo "1388"]
[BlackElo "837"]
[TimeControl "300"]
[EndTime "10:08:24 PDT"]
[Termination "HoarseyHorsey won by resignation"]

1. d4 d5 2. c4 dxc4 3. e4 e5 4.
Nf3 exd4 5. Bxc4 c5 6. O-O Nf6 7. Re1 Qc7 8. e5 Ng4 9. Bf4 Be7 10. h3 O-O 11. hxg4 Bxg4 12. Qd3 a6 13. Nbd2 b5 14.
Bd5 Ra7 15. Qe4 Nd7 16. e6 Bd6 17. exf7+ Rxf7 18. Bxf7+ Kxf7 19. Bxd6 Qxd6 20. Qxg4 Nf6 21. Qf5 g6 22. Qe5 Qd7 23. Ne4 Ng4 24. Qf4+ Qf5 25.
Qxf5+ gxf5 26. Ng3 d3 27. Nxf5 c4 28. Ne3 Nxe3 29. Rxe3 d2 30. Nxd2 Rd7 31. Nf3 Rd2 32.
Nxd2 1-0

[Event "Live Chess"]
[Site "Chess.com"]
[Date "2023.05.20"]
[Round "-"]
[White "flyingpuffins"]
[Black "AttackingSnowLeopard"]
[Result "0-1"]
[WhiteElo "1958"]
[BlackElo "2060"]
[TimeControl "300"]
[EndTime "10:08:27 PDT"]
[Termination "AttackingSnowLeopard won by checkmate"]

1. d4 d5 2. e4 dxe4 3. Nc3 Nf6 4.
Bg5 Bf5 5. f3 exf3 6. Qxf3 e6 7.
Qxb7 Nbd7 8. Bb5 Bd6 9. Bxd7+ Kxd7 10. Nf3 Qb8 11. Qb5+ Qxb5 12. Nxb5 Ne4 13. O-O Rab8 14. Nxd6 cxd6 15. b3 Nxg5 16. Nxg5 f6 17. Nf3 Bxc2 18. Rac1 Be4 19. Nd2 Bd5 20. Nc4 Rhc8 21. Ne3 Be4 22. Kf2 d5 23. Kg3 Rxc1 24. Rxc1 Rc8 25. Rxc8 Kxc8 26. Kf4 Kd7 27. g4 Kd6 28. h4 e5+ 29. dxe5+ fxe5+ 30. Kg5 Bd3 31. h5 h6+ 32. Kh4 d4 33.
Nd1 e4 34. g5 hxg5+ 35. Kxg5 e3 36. Nb2 Bb5 37. a4 Ba6 38. Kg6 e2 39. Kxg7 e1=Q 40.
h6 Qe7+ 41. Kh8 d3 42. Nc4+ Bxc4 43. bxc4 d2 44. a5 d1=Q 45. c5+ Kc7 46. a6 Qdd8# 0-1

[Event "Live Chess"]
[Site "Chess.com"]
[Date "2023.05.20"]
[Round "-"]
[White "stevefairhurst"]
[Black "HD_IN4k"]
[Result "1-0"]
[WhiteElo "544"]
[BlackElo "278"]
[TimeControl "300"]
[EndTime "10:08:38 PDT"]
[Termination "stevefairhurst won by checkmate"]

1. e4 f5 2. exf5 e5 3. Nf3 Nc6 4. d4 d5 5. dxe5 Nxe5 6. Nxe5 Bd6 7. Ng4 h5 8. Qe2+ Be7 9. Ne5 Bd6 10. Nc6+ Ne7 11. Nxd8 Kxd8 12. Bg5 Re8 13. Nc3 Kd7 14. Qe6+ Kc6 15. Qf7 Bxf5 16. Bd3 Bxd3 17. cxd3 d4 18. Ne4 b5 19. Qf3 Nd5 20. O-O-O Be7 21. Bxe7 Rxe7 22. Rde1 a5 23. Qg3 b4 24. Qg6+ Kb7 25. Qxh5 Nf6 26.
Qf3 Nxe4 27. dxe4 a4 28. Re2 c5 29. Rhe1 c4 30. e5+ Kb8 31. Qf4 b3 32. axb3 axb3 33. Qxd4 Ra1+ 34. Kd2 Rxe1 35. Rxe1 Rc7 36. Qd8+ Kb7 37.
e6 c3+ 38. bxc3 b2 39. Rb1 Rc8 40. e7 Rxd8+ 41. exd8=Q Ka6 42. Rxb2 Ka7 43. Qd7+ Ka8 44. Qb7# 1-0

[Event "Live Chess"]
[Site "Chess.com"]
[Date "2023.05.20"]
[Round "-"]
[White "NAZRIZ1977"]
[Black "martynstanley"]
[Result "1-0"]
[WhiteElo "2132"]
[BlackElo "991"]
[TimeControl "300"]
[EndTime "10:08:40 PDT"]
[Termination "NAZRIZ1977 won by checkmate"]

1. c4 e6 2. g3 d5 3. Bg2 dxc4 4. Nf3 c6 5. O-O b6 6. Na3 Bb7 7. Nxc4 Qc7 8. d3 c5 9. Bf4 Qc8 10. a4 h6 11. h4 g5 12. hxg5 hxg5 13. Bxg5 f6 14. Bf4 e5 15. Bd2 Ne7 16. Nd6+ Kd8 17. Nxc8 Bxc8 18. Rc1 Kc7 19. b4 Bb7 20. bxc5 bxc5 21.
Rxc5+ Nec6 22. Qc2 Bxc5 23. Qxc5 Na6 24. Qc2 Rh7 25. Rc1 Rah8 26. Nxe5 fxe5 27. Bxc6 Rh1+ 28. Bxh1+ Kd7 29. Bxb7 Rh7 30. Bxa6 Ke6 31. Qc6+ Kf5 32. Qe4+ Kf6 33. Qxh7 Ke6 34. Rc6+ Kd5 35. Qe4# 1-0

[Event "Live Chess"]
[Site "Chess.com"]
[Date "2023.05.20"]
[Round "-"]
[White "jameskwong"]
[Black "YrrriKharkiv"]
[Result "1-0"]
[WhiteElo "2162"]
[BlackElo "2081"]
[TimeControl "300"]
[EndTime "10:08:42 PDT"]
[Termination "jameskwong won by resignation"]

1. d4 Nf6 2. c4 c5 3. d5 b5 4.
cxb5 a6 5. bxa6 Bxa6 6. Nc3 g6 7. e4 Bxf1 8. Kxf1 d6 9. g3 Bg7 10. Kg2 h5 11. Nf3 Nbd7 12. h3 Qb6 13. Qe2 h4 14. Nxh4 Rxh4 15. gxh4 Rb8 16. a4 Ra8 17.
Nb5 Nh5 18. f4 c4 19. Qxc4 Nc5 20. Ra3 Kd7 21. b4 Nxa4 22. Be3 Qb7 23. Rc1 Nc5 24. bxc5 dxc5 25. Rxa8 Qxa8 26. Qxc5 Qb7 27. Qc6+ Qxc6 28. dxc6+ 1-0

[Event "Live Chess"]
[Site "Chess.com"]
[Date "2023.05.20"]
[Round "-"]
[White "Hussamalhaidar"]
[Black "cedarsmaster"]
[Result "1-0"]
[WhiteElo "1001"]
[BlackElo "1682"]
[TimeControl "300"]
[EndTime "10:08:54 PDT"]
[Termination "Hussamalhaidar won on time"]

1. b3 e5 2. Bb2 d6 3. Nf3 f5 4. e3 Nf6 5. Be2 c6 6. d4 e4 7. Nfd2 Be7 8. c4 O-O 9. Nc3 a5 10. a4 Na6 11. Ba3 Kh8 12. O-O Be6 13. d5 cxd5 14. cxd5 Nxd5 15. Ndxe4 Nxc3 16. Nxc3 Nc5 17. Bxc5 dxc5 18. Bc4 Bxc4 19. bxc4 Bf6 20. Rc1 Bxc3 21.
Rxc3 Qxd1 22. Rxd1 Rad8 23. Rd5 b6 24. h3 Rxd5 25. cxd5 Rd8 26. Rd3 Rd6 27. g4 fxg4 28. hxg4 g5 29. f4 gxf4 30. e4 Kg7 31. e5 Rg6 32. d6 Rxg4+ 33. Kf2 Kf7 34. d7 Rg8 35. d8=Q Rxd8 36. Rxd8 Ke6 37. Re8+ Kd7 38.
Rh8 c4 39. Rxh7+ Ke6 40. Rh5 c3 41. Ke2 c2 42. Kd2 f3 43. Kxc2 f2 44. Rh1 Kxe5 45.
Kd2 Kd4 46. Ke2 Kc5 47. Kxf2 Kb4 48. Rh4+ Ka3 49. Ke3 1-0

[Event "Live Chess"]
[Site "Chess.com"]
[Date "2023.05.20"]
[Round "-"]
[White "SupremeTactician"]
[Black "djw60"]
[Result "1-0"]
[WhiteElo "2415"]
[BlackElo "2138"]
[TimeControl "300"]
[EndTime "10:09:00 PDT"]
[Termination "SupremeTactician won by resignation"]

1. e4 e5 2. Nf3 Nc6 3. Nc3 Nf6 4.
Bb5 Bd6 5. O-O a6 6. Bxc6 dxc6 7. d4 exd4 8. Qxd4 Be7 9. Be3 O-O 10. Rad1 Ng4 11.
Qxd8 Rxd8 12. Bf4 Bd6 13. e5 Be7 14. h3 Nh6 15. g4 Be6 16. a3 Kf8 17. Rfe1 Ng8 18. Nd4 c5 19. Nxe6+ fxe6 20. Ne4 h6 21. Be3 b6 22. f4 Rd5 23. c4 Rxd1 24. Rxd1 Rd8 25.
Rxd8+ Bxd8 26. Kf2 Ne7 27. Bxc5 bxc5 28. Nxc5 Kf7 29. Nxa6 g5 30. fxg5 hxg5 31. Kf3 Nc6 32. Ke4 Na5 33. c5 Nc4 34. b4 Nxa3 35. Kd4 c6 36.
Nb8 Nb5+ 37. Ke4 Na7 38. Nd7 Be7 39. Nb6 Ke8 40. Nc4 Kd7 41. Nd2 Nb5 42. Nf3 Nc3+ 43. Kd4 Ne2+ 44. Ke3 Nc3 45. Kd3 Nd5 46. Kc4 Nf4 47. b5 cxb5+ 48. Kxb5 Nxh3 49. Nd4 Bd8 50. c6+ Ke7 51. Ka6 Bc7 52. Nf3 Nf2 53. Nxg5 Bxe5 54. Ne4 Nxg4 55. Kb7 Bd6 56. Nxd6 Kxd6 57. c7 1-0

[Event "Live Chess"]
[Site "Chess.com"]
[Date "2023.05.20"]
[Round "-"]
[White "SimpleHarmonic1"]
[Black "Conradical12"]
[Result "0-1"]
[WhiteElo "2055"]
[BlackElo "1504"]
[TimeControl "300"]
[EndTime "10:09:01 PDT"]
[Termination "Conradical12 won by resignation"]

1. e4 e5 2. Nf3 Nc6 3. Bb5 Nf6 4. d3 Bc5 5. O-O d6 6. c3 O-O 7. b4 Bb6 8. h3 Be6 9. Nbd2 Qd7 10. a4 a6 11. Bc4 Bxc4 12. Nxc4 Ne7 13. Nxb6 cxb6 14. Be3 Rac8 15. Qd2 Qc7 16. Rfc1 d5 17.
exd5 Nexd5 18. c4 Ne7 19. Bg5 e4 20. Bxf6 exf3 21. Bxe7 Qxe7 22. g3 Qd7 23. d4 Qxh3 0-1

[Event "Live Chess"]
[Site "Chess.com"]
[Date "2023.05.20"]
[Round "-"]
[White "lucaskk818"]
[Black "Singapourfeuj"]
[Result "0-1"]
[WhiteElo "1867"]
[BlackElo "2262"]
[TimeControl "300"]
[EndTime "10:09:03 PDT"]
[Termination "Singapourfeuj won by checkmate"]

1. d4 e5 2. c4 exd4 3. Qxd4 Nc6 4. Qd1 Nf6 5. Nf3 Bb4+ 6. Bd2 Bxd2+ 7. Nbxd2 O-O 8. e3 d5 9. cxd5 Qxd5 10. Bc4 Qh5 11. O-O Bg4 12. h3 Bxf3 13. Qxf3 Qxf3 14. Nxf3 Rad8 15. Rad1 h6 16. a3 b6 17. Bb5 Ne7 18.
Ne5 c5 19. Nc6 Nxc6 20. Bxc6 g5 21. Bb5 Kg7 22. f3 Nd5 23. Kf2 f5 24. g3 f4 25.
gxf4 gxf4 26. e4 Ne3 27. Rxd8 Rxd8 28. Rg1+ Kf6 29. Re1 Rd2+ 30. Re2 Rd1 31. Bd7 Rf1# 0-1

[Event "Live Chess"]
[Site "Chess.com"]
[Date "2023.05.20"]
[Round "-"]
[White "AwesomeFredster"]
[Black "lamteama1"]
[Result "0-1"]
[WhiteElo "1322"]
[BlackElo "1047"]
[TimeControl "300"]
[EndTime "10:09:16 PDT"]
[Termination "lamteama1 won by resignation"]

1. e4 e5 2. Nf3 Qe7 3. Bc4 h6 4.
Nc3 c6 5. O-O d6 6. d3 b5 7. Bb3 a5 8. a3 Nf6 9. Be3 Qc7 10. d4 Nbd7 11. dxe5 dxe5 12. Qd2 Be7 13. Rad1 b4 14. Na4 bxa3 15. bxa3 Nxe4 16. Qd3 Nef6 17.
h3 e4 0-1

[Event "Live Chess"]
[Site "Chess.com"]
[Date "2023.05.20"]
[Round "-"]
[White "domrobson"]
[Black "Ninifu"]
[Result "0-1"]
[WhiteElo "1734"]
[BlackElo "1981"]
[TimeControl "300"]
[EndTime "10:09:26 PDT"]
[Termination "Ninifu won by resignation"]

1. d4 Nf6 2. c4 g6 3. Nc3 Bg7 4. e4 d6 5. Be2 O-O 6. Bg5 Na6 7.
h4 h5 8. f3 e5 9. d5 c6 10.
Qd2 cxd5 11. Nxd5 Nc5 12. b4 Ne6 13. Bh6 Nd4 14. Be3 Nd7 15. Bxd4 exd4 16. Bd3 a5 17.
Ne2 axb4 18. Qxb4 Nc5 19. Qd2 Ra3 20. Nc1 Re8 21. Kf2 f5 22. g3 fxe4 23. fxe4 Rxd3 0-1

[Event "Live Chess"]
[Site "Chess.com"]
[Date "2023.05.20"]
[Round "-"]
[White "Assassin696969"]
[Black "TDCMF"]
[Result "1-0"]
[WhiteElo "2114"]
[BlackElo "340"]
[TimeControl "300"]
[EndTime "10:09:33 PDT"]
[Termination "Assassin696969 won by checkmate"]

1. e4 e5 2. Nc3 d5 3. Nxd5 Be6 4. Nc3 Bc5 5. Nf3 Nf6 6. h3 Bg4 7. hxg4 Nxg4 8. d4 exd4 9. Nxd4 Bxd4 10. Qxg4 Qf6 11. Qc8+ Ke7 12. Qxc7+ Ke8 13. Qc8+ Ke7 14. Nd5+ Kd6 15. Qc7+ Ke6 16. Nxf6 gxf6 17. Bc4# 1-0

[Event "Live Chess"]
[Site "Chess.com"]
[Date "2023.05.20"]
[Round "-"]
[White "WelshTiger"]
[Black "jusjoel"]
[Result "1-0"]
[WhiteElo "2430"]
[BlackElo "297"]
[TimeControl "300"]
[EndTime "10:09:37 PDT"]
[Termination "WelshTiger won by checkmate"]

1. d4 d5 2. Nf3 e6 3. g3 Bb4+ 4. c3 Ba5 5. Bg2 Qd6 6. O-O Nf6 7. a4 Ng4 8. b4 Bb6 9. a5 e5 10. axb6 cxb6 11. dxe5 Qxe5 12. Nxe5 Nxf2 13. Qxd5 Bh3 14.
Qxf7+ Kd8 15. Bg5+ Kc8 16. Rxf2 Rd8 17. Na3 Nc6 18.
Bxh3+ Kb8 19. Nxc6+ bxc6 20. Bf4+ Rd6 21. Bxd6# 1-0

[Event "Live Chess"]
[Site "Chess.com"]
[Date "2023.05.20"]
[Round "-"]
[White "FlyingChessKestrel13"]
[Black "JoshMcK"]
[Result "1-0"]
[WhiteElo "2118"]
[BlackElo "1540"]
[TimeControl "300"]
[EndTime "10:09:40 PDT"]
[Termination "FlyingChessKestrel13 won by checkmate"]

1. e4 d6 2. d4 Nf6 3. Nc3 g6 4. f4 Bg7 5. e5 dxe5 6. fxe5 Nd5 7. Bc4 Nxc3 8. bxc3 O-O 9. Nf3 Bg4 10. O-O e6 11.
Qe2 Nc6 12. h3 Bxf3 13. Rxf3 a6 14. Be3 b5 15. Bd3 Ne7 16. Bg5 Qd7 17. Bf6 Nd5 18. Bxg7 Kxg7 19. Be4 Rac8 20. h4 f5 21. Bxd5 Qxd5 22.
h5 c5 23. Rg3 cxd4 24. hxg6 hxg6 25. Qh5 Kf7 26. Qxg6+ Ke7 27. Qg7+ Rf7 28. Qg5+ Kd7 29. Rd1 Qa8 30. Rxd4+ Kc6 31. Rd6+ Kc5 32. Qe3+ Kc4 33. Qd4# 1-0

[Event "Live Chess"]
[Site "Chess.com"]
[Date "2023.05.20"]
[Round "-"]
[White "guptarayan"]
[Black "YF22Raptor"]
[Result "1-0"]
[WhiteElo "625"]
[BlackElo "992"]
[TimeControl "300"]
[EndTime "10:09:44 PDT"]
[Termination "guptarayan won by checkmate"]

1. e4 c6 2. d4 d5 3. e5 Bf5 4. f4 e6 5. Nf3 c5 6. c3 Qb6 7. Be3 Nc6 8. Nbd2 Qxb2 9. Rb1 Bxb1 10.
Nxb1 Qxa2 11. Be2 cxd4 12. Bxd4 Nxd4 13. Nxd4 Bc5 14. O-O Bxd4+ 15. cxd4 Ne7 16. Rf2 Nc6 17. Bb5 a6 18. Rxa2 O-O 19. Bxc6 bxc6 20. Rc2 Rfc8 21. Qc1 a5 22. Rxc6 Rxc6 23. Qxc6 a4 24. Qxa8# 1-0

[Event "Live Chess"]
[Site "Chess.com"]
[Date "2023.05.20"]
[Round "-"]
[White "CheckString"]
[Black "lateforthesky"]
[Result "0-1"]
[WhiteElo "1297"]
[BlackElo "2087"]
[TimeControl "300"]
[EndTime "10:09:50 PDT"]
[Termination "lateforthesky won by resignation"]

1. e4 c5 2. b3 e5 3. Bb2 d6 4.
Bc4 Nf6 5. d3 Be7 6. Nd2 O-O 7. Ngf3 a6 8. O-O b5 9. Bd5 Nxd5 10. exd5 f5 11. c3 Bb7 12. c4 Nd7 13. Re1 h6 14. h3 Nf6 15. Nh2 Qe8 16. Qe2 Qg6 17. f4 Nh5 18. fxe5 Rae8 19. e6 Bf6 20. Bxf6 Rxf6 21. Qf3 Kh7 22. Nhf1 Rff8 23. Re3 Qf6 24. Rae1 g6 25. Ng3 Nxg3 26. Qxg3 f4 27. Ne4 fxg3 28. Nxf6+ Rxf6 29. R1e2 a5 30. Re4 a4 31. R4e3 axb3 32. axb3 Rf4 33. e7 Kg7 34. Re6 Rf6 35. cxb5 Bxd5 36. Rxf6 Kxf6 37. b6 Rxe7 38. Rf2+ 0-1

[Event "Live Chess"]
[Site "Chess.com"]
[Date "2023.05.20"]
[Round "-"]
[White "Brooms1989"]
[Black "daveeeeR"]
[Result "0-1"]
[WhiteElo "971"]
[BlackElo "1263"]
[TimeControl "300"]
[EndTime "10:09:51 PDT"]
[Termination "daveeeeR won by checkmate"]

1. e4 c5 2. Nc3 Nc6 3. f4 e6 4.
Nf3 d5 5. exd5 exd5 6. Bb5 Be6 7.
Bxc6+ bxc6 8. O-O Bd6 9. d3 Ne7 10. Qe1 O-O 11. Qg3 Bf5 12. Bd2 Ng6 13. Rae1 Re8 14. Rxe8+ Qxe8 15. Re1 Qd7 16. Ne2 Re8 17. Kh1 Qc7 18. Qg5 Qc8 19. Ng3 Bg4 20. h3 Bxf3 21. gxf3 Rxe1+ 22. Bxe1 Bxf4 23. Qg4 Qxg4 24. hxg4 Bxg3 25.
Bxg3 c4 26. d4 f6 27. c3 Kf7 28. Kg1 Ke6 29. f4 f5 30. gxf5+ Kxf5 31. Kf2 h5 32. Bh2 Nxf4 33. Bxf4 Kxf4 34. a4 a5 35. Kg2 g5 36.
Kh3 Kf3 37. Kh2 g4 38. Kh1 Kg3 39. Kg1 Kh3 40. Kh1 Kg3 41. Kg1 Kf3 42. Kh1 Kf2 43. Kh2 g3+ 44. Kh1 g2+ 45. Kh2 g1=Q+ 46. Kh3 Qg3# 0-1

[Event "Live Chess"]
[Site "Chess.com"]
[Date "2023.05.20"]
[Round "-"]
[White "JackCheetham1"]
[Black "RoaringKnights"]
[Result "1-0"]
[WhiteElo "1692"]
[BlackElo "930"]
[TimeControl "300"]
[EndTime "10:09:52 PDT"]
[Termination "JackCheetham1 won by checkmate"]

1. e4 c6 2. d4 d5 3. Nd2 Nf6 4. e5 Nfd7 5. f4 e6 6. Ngf3 c5 7. c3 c4 8. Be2 Nb6 9. a4 a5 10. O-O Nc6 11. Re1 Qh4 12. Nxh4 Be7 13. Ndf3 Bxh4 14.
Nxh4 O-O 15. Bg4 f5 16. exf6 Rxf6 17. g3 h6 18. Nf3 g6 19. Ne5 Nxe5 20. fxe5 Rf8 21.
Bxh6 Rf7 22. Rf1 Rxf1+ 23. Qxf1 Bd7 24. Qf6 Kh7 25. Qg7# 1-0

[Event "Live Chess"]
[Site "Chess.com"]
[Date "2023.05.20"]
[Round "-"]
[White "ramses-IIG"]
[Black "OBrightwell100"]
[Result "1-0"]
[WhiteElo "759"]
[BlackElo "1309"]
[TimeControl "300"]
[EndTime "10:09:53 PDT"]
[Termination "ramses-IIG won by checkmate"]

1. e4 e5 2. Nf3 Nc6 3. Bc4 f5 4. d3 Nf6 5. Ng5 d5 6. exd5 Nxd5 7. Qf3 Be6 8. Nxe6 Nd4 9. Nxd4 exd4 10. Qxf5 c6 11.
O-O g6 12. Re1+ Be7 13. Qe5 O-O 14. Bh6 Rf5 15. Qg7# 1-0

[Event "Live Chess"]
[Site "Chess.com"]
[Date "2023.05.20"]
[Round "-"]
[White "ReeceHockton"]
[Black "Driftboard"]
[Result "0-1"]
[WhiteElo "331"]
[BlackElo "660"]
[TimeControl "300"]
[EndTime "10:09:57 PDT"]
[Termination "Driftboard won by checkmate"]

1. d4 d5 2. e4 dxe4 3. Nc3 Nf6 4. f3 exf3 5. Nxf3 Nc6 6. Bg5 Bg4 7. Bxf6 exf6 8. Bd3 Bxf3 9. Qxf3 Be7 10. O-O-O Nxd4 11. Qe3 O-O 12. Rhe1 Ne6 13. Bf5 Qc8 14. Bxe6 fxe6 15. Qxe6+ Qxe6 16. Rxe6 Rfe8 17. Rde1 Kf7 18. Rxe7+ Rxe7 19. Ne4 f5 20. Ng5+ Kf6 21. Nxh7+ Kf7 22. Ng5+ Kf8 23.
Ne6+ Kf7 24. Kd1 Rxe6 25. Rxe6 Kxe6 26. c3 Rd8+ 27. Kc2 Kd5 28. b4 c5 29. Kb3 cxb4 30.
cxb4 b6 31. h3 a5 32. bxa5 bxa5 33. Ka4 Kc5 34. Kxa5 Ra8# 0-1

[Event "Live Chess"]
[Site "Chess.com"]
[Date "2023.05.20"]
[Round "-"]
[White "Leonid_Starozhilov"]
[Black "toog"]
[Result "0-1"]
[WhiteElo "2657"]
[BlackElo "2638"]
[TimeControl "300"]
[EndTime "10:10:04 PDT"]
[Termination "toog won on time"]

1. e4 e5 2. Nf3 Nc6 3. Nc3 Nf6 4.
Bb5 Nd4 5. Bc4 c6 6. d3 d5 7. Bb3 Nxb3 8. axb3 Bd6 9. Bg5 d4 10. Ne2 O-O 11. O-O h6 12. Bd2 Bg4 13. Ng3 Qd7 14. h3 Be6 15. Nh4 Rfe8 16. Nhf5 Bf8 17. f4 exf4 18.
Bxf4 Nh7 19. Qh5 a6 20. Rf2 f6 21. Raf1 Bf7 22. Qg4 Kh8 23. Nxh6 Be6 24. Nhf5 Qf7 25.
Qf3 Rad8 26. Bd2 c5 27. Ne2 Ng5 28. Qg4 g6 29. Qh4+ Nh7 30. Nh6 Bxh6 31. Qxh6 Qg7 32.
Rxf6 Qxh6 33. Bxh6 Nxf6 34. Rxf6 Kh7 35. Bg5 Rd7 36.
Nf4 Bf7 37. h4 b5 38. Rxa6 c4 39. b4 cxd3 40. cxd3 Rc7 41. Kh2 Rc2 42. Rb6 Rxb2 43. Rxb5 Kg8 44. Rb7 Re5 45. Bf6 Re8 46. b5 Rb4 47. b6 Rc8 48. e5 Re8 49. e6 Rxe6 50. Nxe6 Bxe6 51. Rg7+ Kf8 52. b7 Bd5 53. Rd7 Bxb7 54. Bxd4 Rb3 55. Bc5+ Kg8 56. g4 Ba6 57. d4 Be2 58. Rd8+ Kf7 59. Rf8+ Kg7 60. Rf4 Bc4 61. Bf8+ Kg8 62. Bh6 Bd5 63. Rf8+ Kh7 64. g5 Rd3 65.
Rd8 Rxd4 66. Kg3 Rd3+ 67. Kf4 Bc4 68. Rc8 Rd4+ 69. Ke5 Rxh4 70. Rc7+ Kg8 71. Rc8+ Kf7 72. Rc7+ Ke8 73. Kd6 Rf4 0-1